 Dungeon Crawl Stone Soup version 0.29.1-15-g9cfb28693d (webtiles) character file.

Game seed: 1533221585053945558

3787 BlackCrag the Thaumaturge (level 9, -7/45 HPs)
             Began as a Deep Elf Earth Elementalist on Apr 22, 2023.
             Was a Follower of Vehumet.
             Killed by the air
             ... invoked by Gastronok
              (22 damage)
             ... on level 8 of the Dungeon.
             The game lasted 00:35:23 (8377 turns).

BlackCrag the Thaumaturge (DEEE)                    Turns: 8377, Time: 00:35:23

Health: -7/45      AC:  7    Str:  5    XL:     9   Next: 95%
Magic:  22/26      EV: 13    Int: 25    God:    Vehumet [*.....]
Gold:   730        SH:  5    Dex: 15    Spells: 14/30 levels left

rFire   . . .      SeeInvis .   s - +1 dagger (protect)
rCold   . . .      Faith    .   (no shield)
rNeg    . . .      Spirit   .   q - +2 robe {Will+}
rPois   .          Reflect  +   (no helmet)
rElec   .          Harm     .   r - +0 cloak
rCorr   .          Rampage  .   f - +1 pair of gloves {hurl}
Will    +....                   (no boots)
Stlth   ++........              y - amulet of reflection
HPRegen 0.15/turn               C - ring of wizardry
MPRegen 0.20/turn               (no ring)

@: no status effects
A: no striking features
a: Renounce Religion


You were on level 8 of the Dungeon.
You worshipped Vehumet.
Vehumet was aware of your devotion.
You visited 2 branches of the dungeon, and saw 9 of its levels.
You also visited: Ossuary.

You collected 730 gold pieces.

Inventory:

Hand Weapons
 s - a +1 dagger of protection (weapon)
Missiles
 v - 2 boomerangs (quivered)
 B - 2 throwing nets
Armour
 f - a +1 pair of gloves of hurling (worn)
 q - a +2 robe of willpower (worn)
 r - a +0 cloak (worn)
Jewellery
 y - an amulet of reflection (around neck)
 C - a ring of wizardry (left hand)
Wands
 g - a wand of flame (19)
 w - a wand of roots (6)
 z - a wand of digging (2)
Scrolls
 a - 2 scrolls of identify
 c - a scroll of fear
 e - a scroll of blinking
 h - 2 scrolls of noise {unknown}
 j - a scroll of poison {unknown}
 l - 2 scrolls of amnesia {unknown}
 n - 4 scrolls of magic mapping {unknown}
 o - 4 scrolls of butterflies
 p - 2 scrolls of teleportation {unknown}
Potions
 b - 3 potions of magic
 d - 2 potions of mutation
 i - 3 potions of degeneration
 k - 3 potions of cancellation
 m - 2 potions of haste
 t - 4 potions of might
 u - 6 potions of brilliance
 x - a potion of experience
 A - 2 potions of resistance
 E - 2 potions of curing


   Skills:
 + Level 1.9 Throwing
 + Level 3.0 Dodging
 + Level 3.3 Stealth
 + Level 0.2 Shields
 + Level 11.4 Spellcasting
 * Level 7.4 Conjurations
 + Level 1.7 Hexes
 * Level 3.5 Summonings
 + Level 1.4 Transmutations
 + Level 8.9 Earth Magic
 + Level 0.5 Evocations


You had 14 spell levels left.
You knew the following spells:

 Your Spells              Type           Power      Damage    Failure   Level
a - Sandblast             Erth           100%       2d20      1%          1
b - Passwall              Tmut/Erth      33%        N/A       1%          2
c - Stone Arrow           Conj/Erth      100%       3d13      1%          3
d - Magic Dart            Conj           100%       1d8       1%          1
e - Petrify               Tmut/Erth      40%        N/A       1%          4
f - Summon Mana Viper     Hex/Summ       27%        N/A       16%         5

Your spell library contained the following spells:

 Spells                   Type           Power      Damage    Failure   Level
 Freeze                   Ice            56%        1d7       1%          1
 Summon Small Mammal      Summ           100%       N/A       1%          1
 Call Imp                 Summ           32%        N/A       1%          2
 Call Canine Familiar     Summ           32%        N/A       1%          3
 Mephitic Cloud           Conj/Pois/Air  26%        N/A       1%          3
 Summon Guardian Golem    Hex/Summ       27%        N/A       1%          3
 Summon Ice Beast         Ice/Summ       23%        N/A       9%          4
 Monstrous Menagerie      Summ           16%        N/A       96%         7
 Chain Lightning          Conj/Air       16%        3d21      100%        9
 Fire Storm               Conj/Fire      16%        8d4       100%        9
 Shatter                  Erth           28%        3d23*     100%        9


Dungeon Overview and Level Annotations

Branches:
Dungeon (8/15)             Temple (1/1) D:7         Ossuary (visited)
   Lair: D:8-11

Altars:
Dithmenos
Elyvilon
Fedhas
Gozag
Hepliaklqana
Kikubaaqudgha
Makhleb
Nemelex Xobeh
Okawaru
Qazlal
Ru
Sif Muna
Trog
Uskayaw
Vehumet
Wu Jian
Xom
Yredelemnul
Zin
The Shining One

Shops:
D:6 (

Annotations:
D:8 Gastronok
Temple 2 transporters


Message History

The stone arrow hits the two-headed ogre!
You kill the two-headed ogre!
Vehumet accepts your kill.
Your Dodging skill increases to level 3!
Your Summonings skill increases to level 3!
You start resting.
Magic restored.
Things that are here:
a +0 giant spiked club; a +0 giant club Gastronok the Ponderous comes into view.
Casting: Stone Arrow (safe; 1% risk of failure)
Confirm with . or Enter, or press ? or * to list all spells.
The spell is quite dangerous to miscast (16% risk of failure)!
Continue anyway?
A mana viper appears with a sibilant hiss.
Casting: Summon Mana Viper (quite dangerous; 16% risk of failure)
Confirm with . or Enter, or press ? or * to list all spells.
Aiming: Magic Dart (safe; 1% risk of failure)
Press: ? - help, Shift-Dir - straight line, f - Gastronok
Aim: Gastronok, wearing a +2 hat (asleep, ally target, 100% to hit)
The magic dart hits Gastronok but does no damage.
Gastronok waves his eye-stalks in wide circles.
The air twists around and strikes you!
Casting: Magic Dart (safe; 1% risk of failure)
Confirm with . or Enter, or press ? or * to list all spells.
You can't see any susceptible monsters within range! (Use Z to cast anyway.)
Casting: Magic Dart (safe; 1% risk of failure)
Confirm with . or Enter, or press ? or * to list all spells.
Aiming: Magic Dart (safe; 1% risk of failure)
Press: ? - help, Shift-Dir - straight line, f/p - Gastronok
Aim: Gastronok, wearing a +2 hat (ally target, 100% to hit)
The magic dart hits Gastronok but does no damage.
Gastronok waves his eye-stalks in wide circles.
The air twists around and strikes you!!
* * * LOW HITPOINT WARNING * * *
Your mana viper completely misses Gastronok.
Your mana viper bites Gastronok!
Gastronok's magic leaks into the air.
Your mana viper bites Gastronok!
Gastronok's magic leaks into the air.
Gastronok waves his eye-stalks in wide circles.
The air twists around and strikes you!!
You die...

.....#.#####.##
###...#....)...#
....#######..#
##.#. #..# #..#
#..# .#######..#
..........#
.########@# #.#
#######S#
..wS..w.#
#########


You could see Gastronok (ally target, magic disrupted) and a friendly mana viper
(summoned).

Vanquished Creatures
  A two-headed ogre (D:8)
  Grinder (D:3)
  Sigmund (D:3)
  A steam dragon (D:5)
  Pargi (D:3)
  2 water moccasins
  An orc warrior (D:5)
  2 black bears
  A centaur (D:7)
  2 kobold brigands
  Blork the orc (D:6)
  5 bullfrogs
  A gnoll sergeant (D:8)
  4 scorpions
  6 killer bees (D:7)
  2 howler monkeys (D:7)
  Crazy Yiuf (D:4)
  2 orc priests (D:6)
  2 hounds (D:6)
  A jelly (D:6)
  A gnoll bouda (D:5)
  Jessica (D:3)
  3 iguanas
  Natasha (thrice) (D:3)
  Terence (D:3)
  4 orc wizards
  8 mummies (Ossuary)
  10 gnolls
  5 adders
  A white imp (D:5)
  An ufetubus (D:5)
  3 dart slugs
  19 orcs
  5 ball pythons
  3 bats
  4 endoplasms
  3 giant cockroaches
  6 goblins
  5 hobgoblins
  2 jackals (D:2)
  17 kobolds
  4 quokkas
  3 frilled lizards
  A gnoll zombie (Ossuary)
  6 hobgoblin zombies (Ossuary)
  A kobold zombie (Ossuary)
  4 rats
162 creatures vanquished.

Notes
Turn   | Place    | Note
-------+----------+-------------------------------------------
     0 | D:1      | BlackCrag the Deep Elf Earth Elementalist began the quest
                  | for the Orb.
     0 | D:1      | Reached XP level 1. HP: 10/10 MP: 6/6
   212 | D:1      | Reached XP level 2. HP: 15/15 MP: 5/8
   215 | D:1      | Learned a level 2 spell: Passwall
   927 | D:2      | Reached skill level 4 in Spellcasting
   927 | D:2      | Reached XP level 3. HP: 14/19 MP: 0/10
   931 | D:2      | Learned a level 3 spell: Stone Arrow
  1106 | D:2      | Learned a level 1 spell: Magic Dart
  2067 | D:3      | Noticed Grinder
  2067 | D:3      | Paralysed by Grinder for 3 turns
  2076 | D:3      | Killed Grinder
  2077 | D:3      | Reached skill level 5 in Spellcasting
  2077 | D:3      | Reached skill level 5 in Earth Magic
  2077 | D:3      | Reached XP level 4. HP: 5/24 MP: 4/13
  2077 | D:3      | Reached XP level 5. HP: 6/28 MP: 4/15
  2077 | D:3      | Reached XP level 6. HP: 6/32 MP: 4/16
  2082 | D:3      | Learned a level 4 spell: Petrify
  2347 | D:3      | Reached skill level 6 in Spellcasting
  2574 | D:3      | Noticed Sigmund
  2576 | D:3      | Killed Sigmund
  2577 | D:3      | Reached XP level 7. HP: 36/36 MP: 11/18
  2788 | D:3      | Noticed Natasha
  2792 | D:3      | Killed Natasha
  2888 | D:3      | Noticed Jessica
  2890 | D:3      | Killed Jessica
  2893 | D:3      | Noticed Natasha
  2897 | D:3      | Killed Natasha
  3006 | D:3      | Noticed Terence
  3012 | D:3      | Killed Terence
  3013 | D:3      | Reached skill level 7 in Spellcasting
  3218 | D:3      | Noticed Pargi
  3222 | D:3      | Killed Pargi
  3417 | D:3      | Noticed Natasha
  3423 | D:3      | Killed Natasha
  4056 | D:4      | Found a runed translucent door.
  4057 | D:4      | Noticed Crazy Yiuf
  4063 | D:4      | Killed Crazy Yiuf
  4238 | D:5      | Entered Level 5 of the Dungeon
  4482 | D:5      | Reached skill level 8 in Spellcasting
  4516 | D:5      | Reached XP level 8. HP: 41/41 MP: 9/22
  4756 | D:5      | Found an opulent altar of Gozag.
  4756 | D:5      | Found a bloodstained altar of Trog.
  4826 | D:5      | Reached skill level 5 in Conjurations
  5101 | D:5      | Reached skill level 9 in Spellcasting
  5583 | D:6      | Found a sand-covered staircase.
  5616 | Ossuary  | Entered an ossuary
  6148 | D:6      | Noticed Blork the orc
  6154 | D:6      | Killed Blork the orc
  6155 | D:6      | Reached skill level 1 in Throwing
  6155 | D:6      | Reached skill level 10 in Spellcasting
  6427 | D:6      | Identified the +1 ring mail of the Grinning Loafs {rF+
                  | rCorr}
  6576 | D:6      | Found Wabaffy's Antique Weapon Shoppe.
  6583 | D:6      | Reached XP level 9. HP: 30/45 MP: 13/25
  6722 | D:6      | Learned a level 5 spell: Summon Mana Viper
  7079 | D:7      | Found a staircase to the Ecumenical Temple.
  7089 | Temple   | Entered the Ecumenical Temple
  7089 | Temple   | Found a transporter.
  7089 | Temple   | Found a transporter.
  7091 | Temple   | Found a transporter.
  7091 | Temple   | Found a transporter.
  7105 | Temple   | Became a worshipper of Vehumet
  7260 | D:7      | Reached skill level 1 in Summonings
  7471 | D:7      | Reached skill level 1 in Hexes
  8121 | D:8      | Reached * piety under Vehumet
  8121 | D:8      | Offered knowledge of Freeze by Vehumet.
  8137 | D:8      | Reached skill level 11 in Spellcasting
  8221 | D:8      | Noticed a two-headed ogre
  8231 | D:8      | Killed a two-headed ogre
  8362 | D:8      | Noticed Gastronok
  8377 | D:8      | Killed from afar by Gastronok

Illustrated notes

Levels and vault maps discovered:
D:1:      ncdulo_wetmaze, layout_rooms, serial_forest,
          infiniplex_forest_lined_room_, infiniplex_forest_clump_small,
          infiniplex_forest_clump_tiny, infiniplex_forest_lined_3,
          infiniplex_forest_lined_room_3, infiniplex_forest_fountain,
          roderic_lattice_a
D:2:      layout_loops_corners, hangedman_decor_growths, hex_tiny
D:3:      layout_basic, serial_co_window_serial, co_window_of_opportunity_a,
          co_window_of_opportunity_a, co_window_paths_b, co_window_paths_a,
          co_window_of_opportunity_a, co_window_paths_a, co_window_corner_a,
          co_window_of_opportunity_c, co_window_2corner, co_window_corner_b,
          co_window_broadway_a, co_window_broadway_b, glass_columns_a,
          glass_columns_c, glass_columns_a, hangedman_decor_push, uniq_jessica,
          uniq_terence, uniq_sigmund, uniq_grinder, uniq_pargi, uniq_natasha
D:4:      layout_basic, serial_forest, infiniplex_forest_pool,
          infiniplex_forest_clump_small, infiniplex_forest_end_1,
          infiniplex_forest_clump_large, infiniplex_forest_straight_2,
          infiniplex_forest_clump_C, infiniplex_forest_end_1,
          uniq_crazy_yiuf_cottage
D:5:      layout_loops_cross, chequers_temple_overflow_statue_of_worship
D:6:      layout_loops_ring, nicolae_ossuary_entry_false_entrances,
          nicolae_stop_n_shop_2, dreamdust_princess_bridge, uniq_blork_the_orc
D:7:      layout_loops_ring, minmay_temple_entry_drinking_statues
D:8:      layout_loops_ring, minmay_misc_feat_rows, uniq_erica, uniq_gastronok
Temple:   hellmonk_temple_divided_pantheon

Skill      XL: |  1  2  3  4  5  6  7  8  9 |
---------------+----------------------------+-----
Earth Magic    | 4 5 6 7 8 |  8.9
Spellcasting   | 4 5 6 8 10 11 | 11.4
Conjurations   | 2 3 4 5 7 |  7.4
Stealth        | 3 |  3.3
Throwing       | 1 |  1.9
Summonings     | 3 |  3.5
Hexes          | 1 |  1.7
Dodging        | 3 |  3.0
Shields        | |  0.2
Transmutations | |  1.4
Evocations     | |  0.5

Action                   |  1- 3 |  4- 6 |  7- 9 || total
-------------------------+-------+-------+-------++-------
Melee: Dagger            |       |       |     1 ||     1
Throw: Boomerang         |       |       |    39 ||    39
 Cast: Sandblast         |    57 |     1 |    97 ||   155
       Passwall          |     3 |       |     2 ||     5
       Magic Dart        |    11 |     2 |    58 ||    71
       Stone Arrow       |       |     5 |    86 ||    91
       Petrify           |       |       |     2 ||     2
       Summon Mana Viper |       |       |     2 ||     2
Evoke: Wand              |       |       |     5 ||     5
  Use: Scroll            |     1 |     1 |    13 ||    15
Armor: Robe              |     3 |     1 |    14 ||    18
Dodge: Dodged            |    20 |     1 |    22 ||    43
Block: Other             |       |       |     5 ||     5
       Reflection        |       |       |     1 ||     1
